 Dungeon Crawl Stone Soup version 0.28.0-43-g3370ac3207 (webtiles) character file.

Game seed: 5905811950178440090

5269 protoss039 the Unseen (level 10, -4/49 HPs)
             Began as a Spriggan Enchanter on Mar 26, 2022.
             Was a Believer of Dithmenos.
             Slain by a large slime creature (39 damage)
             ... on level 9 of the Dungeon on Mar 28, 2022.
             The game lasted 00:36:45 (13840 turns).

protoss039 the Unseen (Spriggan Enchanter)         Turns: 13840, Time: 00:36:46

Health: -4/49      AC:  4    Str:  4    XL:     10   Next: 36%
Magic:  18/20      EV: 21    Int: 17    God:    Dithmenos [**....]
Gold:   393        SH:  0    Dex: 20    Spells: 2/21 levels left

rFire   . . .      SeeInvis +   p - +4 short sword (freeze)
rCold   . . .      Faith    .   (no shield)
rNeg    . . .      Spirit   .   b - +0 robe
rPois   .          Reflect  .   z - +1 hat
rElec   .          Harm     .   B - +0 cloak
rCorr   +          Rampage  .   (gloves unavailable)
Will    +....                   (boots unavailable)
Stlth   ++++++++..              (no amulet)
HPRegen 0.16/turn               E - ring of resist corrosion
MPRegen 0.17/turn               (no ring)

@: confusing by touch, wreathed by umbra, very quick
A: very small, no large weapons, unfitting armour, see invisible, speed 3
a: Renounce Religion, Shadow Step


You were on level 9 of the Dungeon.
You worshipped Dithmenos.
Dithmenos was pleased with you.
You visited 2 branches of the dungeon, and saw 10 of its levels.
You also visited: Ossuary.

You collected 393 gold pieces.

Inventory:

Hand Weapons
 k - a +0 hunting sling
 p - a +4 short sword of freezing (weapon)
 v - a +2 dagger of venom
 J - a +4 short sword
Missiles
 x - 2 atropa-tipped darts (quivered)
 F - 47 sling bullets
Armour
 b - a +0 robe (worn)
 z - a +1 hat (worn)
 B - a +0 cloak (worn)
Magical Staves
 C - a staff of earth
Jewellery
 E - a ring of resist corrosion (left hand)
Wands
 a - a wand of polymorph (8)
 u - a wand of flame (22)
 A - a wand of iceblast (7)
 H - a wand of charming (17)
Scrolls
 d - a scroll of blinking {unknown}
 e - a scroll of identify
 f - 4 scrolls of teleportation
 i - 3 scrolls of magic mapping
 l - a scroll of enchant armour {unknown}
 m - 2 scrolls of brand weapon
 r - a scroll of enchant weapon {unknown}
 y - a scroll of amnesia {unknown}
 G - 2 scrolls of silence {unknown}
 I - a scroll of acquirement {unknown}
Potions
 c - 4 potions of invisibility
 g - 5 potions of heal wounds
 h - a potion of ambrosia {unknown}
 j - a potion of brilliance {unknown}
 n - 5 potions of curing
 o - 3 potions of lignification
 q - a potion of flight {unknown}
 s - a potion of mutation {unknown}
 t - a potion of resistance {unknown}
 D - a potion of berserk rage {unknown}


   Skills:
 * Level 3.4 Fighting
 + Level 5.4 Short Blades
 * Level 6.5 Dodging
 + Level 15.6 Stealth
 - Level 6.0 Spellcasting
 - Level 6.0 Hexes
 - Level 3.0 Ice Magic
 * Level 4.6 Invocations


You had 2 spell levels left.
You knew the following spells:

 Your Spells              Type           Power      Damage    Failure   Level
a - Ensorcelled Hibernat  Hex/Ice        40%        N/A       3%          2
b - Confusing Touch       Hex            25%        N/A       3%          3
c - Tukima's Dance        Hex            25%        N/A       3%          3
d - Dazzling Flash        Conj/Hex       30%        N/A       11%         3
e - Mephitic Cloud        Conj/Pois/Air  5%         N/A       36%         3
f - Passwall              Tmut/Erth      4%         N/A       19%         2
g - Swiftness             Air            5%         N/A       36%         3

Your spell library contained the following spells:

 Spells                   Type           Power      Damage    Failure   Level
 Freeze                   Ice            60%        1d8       3%          1
 Magic Dart               Conj           20%        1d4       13%         1
 Call Imp                 Summ           5%         N/A       19%         2
 Sublimation of Blood     Necr           5%         N/A       19%         2
 Frozen Ramparts          Ice            30%        1d5       11%         3
 Conjure Flame            Conj/Fire      5%         6-21      36%         3
 Gell's Gravitas          Tloc           5%         N/A       36%         3
 Ignite Poison            Fire/Tmut/Pois 5%         N/A       36%         3
 Spider Form              Tmut/Pois      5%         N/A       36%         3
 Teleport Other           Tloc           5%         N/A       36%         3
 Anguish                  Hex/Necr       7%         N/A       36%         4
 Hailstorm                Conj/Ice       10%        3d5       56%         4
 Petrify                  Tmut/Erth      5%         N/A       77%         4
 Sticky Flame             Conj/Fire      5%         2d3       77%         4
 Irradiate                Conj/Tmut      2%         3d14      98%         5
 Dispersal                Tloc           2%         N/A       100%        6


Dungeon Overview and Level Annotations

Branches:
Dungeon (9/15)             Temple (1/1) D:6         Ossuary (visited)
   Lair: D:8-11         Orc: D:9-12

Altars:
Ashenzari
Dithmenos
Elyvilon
Fedhas
Gozag
Hepliaklqana
Kikubaaqudgha
Makhleb
Nemelex Xobeh
Okawaru
Qazlal
Ru
Sif Muna
Trog
Uskayaw
Vehumet
Wu Jian
Xom
Yredelemnul
Zin
The Shining One

Shops:
D:3 [   D:8 =


Innate Abilities, Weirdness & Mutations

You are very small and have problems with some larger weapons.
You are too small for most types of armour.
You have supernaturally acute eyesight. (SInv)
You cover ground extremely quickly. (Speed+++)


Message History

Found a mace, a scroll labelled SUINOL SICLO and a glowing amethyst potion.
There is a stone staircase leading up here.
Unknown command.
A slime creature comes into view.
A slime creature is nearby!
A slime creature comes into view.
A slime creature comes into view.
The slime creature quivers. 2 slime creatures come into view.
Found a stone staircase leading up.
The helpless slime creature fails to defend itself.
You skewer the slime creature like a kebab!!!!
You freeze the slime creature!
You kill the slime creature!
Dithmenos accepts your kill. The slime creature misses you.
The slime creature quivers.
You see here a scroll labelled SUINOL SICLO.
G - 2 scrolls labelled SUINOL SICLO (gained 1)
Casting: Confusing Touch (dangerous; 3% risk of failure)
Confirm with . or Enter, or press ? or * to list all spells.
Your hands begin to glow red.
You hit the slime creature but do no damage.
Two slime creatures merge to form a large slime creature.
You barely miss the large slime creature.
A large slime creature splits.
You hit the slime creature but do no damage.
The slime creature hits you.
You hit the slime creature but do no damage.
The slime creature closely misses you. The slime creature misses you.
You hit the slime creature but do no damage.
The slime creature misses you. The slime creature hits you!
There is a stone staircase leading up here.
You hit the slime creature but do no damage.
Two slime creatures merge to form a large slime creature.
You hit the large slime creature but do no damage.
You hit the large slime creature but do no damage.
The large slime creature hits you!!!
Ouch! That really hurt!
You die...

###########
<#..J......#
.........#.#
...J...#.#)####..##
.......#...@.......
.......#.#J##.##...
..##.#.#.......!.#
# #.#.....##.##.# .
###.### # # ## #.#
... .... #....


You could see a large slime creature.

Vanquished Creatures
  A kobold demonologist (D:8)
  Grinder (D:6)
  A slime creature (D:9)
  Sigmund (D:3)
  2 wraiths (Ossuary)
  Menkaure (D:5)
  3 vampire mosquitoes
  3 water moccasins
  3 orc warriors
  2 sky beasts
  2 black bears (D:6)
  An ice beast (D:6)
  A necrophage (D:4)
  An ogre (D:4)
  3 centaurs
  A phantom (D:7)
  3 kobold brigands
  A gnoll sergeant (D:7)
  5 bullfrogs
  A scorpion (D:6)
  A water moccasin skeleton (D:5)
  13 wights
  2 centaur zombies
  A hound (D:6)
  3 orc priests
  2 centaur skeletons
  2 bullfrog skeletons
  3 iguanas
  4 orc wizards
  Natasha (thrice) (D:3)
  A killer bee zombie (D:7)
  A hound skeleton (D:4)
  A mummy (D:8)
  A howler monkey zombie (D:8)
  4 gnolls
  9 adders
  2 white imps
  2 ufetubi
  An adder zombie (Ossuary)
  3 worms
  2 dart slugs
  22 orcs
  12 endoplasms
  7 giant cockroaches
  4 goblins
  12 hobgoblins
  7 jackals
  3 quokkas
  7 ball pythons
  A ball python skeleton (Ossuary)
  7 bats
  5 frilled lizards
  2 hobgoblin skeletons (Ossuary)
  A hobgoblin zombie (Ossuary)
  18 kobolds
  2 kobold zombies (Ossuary)
  2 orc skeletons (Ossuary)
  3 rats
213 creatures vanquished.

Vanquished Creatures (collateral kills)
  A kobold (D:8)
1 creature vanquished.

Vanquished Creatures (others)
  7 dancing weapons
  A fungus (D:1)
  2 plants (D:1)
10 creatures vanquished.

Grand Total: 224 creatures vanquished

Notes
Turn   | Place    | Note
-------+----------+-------------------------------------------
     0 | D:1      | protoss039 the Spriggan Enchanter began the quest for the
                  | Orb.
     0 | D:1      | Reached XP level 1. HP: 9/9 MP: 5/5
   239 | D:1      | Found a faded altar of an unknown god.
   417 | D:1      | Reached XP level 2. HP: 7/13 MP: 6/6
   422 | D:1      | Learned a level 2 spell: Ensorcelled Hibernation
   693 | D:1      | Reached skill level 5 in Stealth
   850 | D:1      | Reached XP level 3. HP: 9/16 MP: 2/8
  1633 | D:1      | Learned a level 3 spell: Confusing Touch
  1637 | D:1      | Learned a level 3 spell: Tukima's Dance
  1662 | D:1      | Reached skill level 6 in Stealth
  1948 | D:2      | Reached XP level 4. HP: 21/21 MP: 0/9
  3018 | D:3      | Reached skill level 7 in Stealth
  3043 | D:3      | Reached skill level 1 in Ice Magic
  3043 | D:3      | Reached XP level 5. HP: 24/24 MP: 5/10
  3601 | D:3      | Noticed Natasha
  3621 | D:3      | Killed Natasha
  3800 | D:3      | Noticed Sigmund
  3814 | D:3      | Noticed Natasha
  3859 | D:3      | Killed Sigmund
  3860 | D:3      | Reached skill level 8 in Stealth
  3860 | D:3      | Reached XP level 6. HP: 29/29 MP: 7/13
  3962 | D:3      | Found Foitreh's Armour Boutique.
  4187 | D:3      | Killed Natasha
  4294 | D:3      | Noticed Natasha
  4310 | D:3      | Killed Natasha
  5070 | D:4      | Reached skill level 1 in Fighting
  5070 | D:4      | Reached skill level 5 in Hexes
  5070 | D:4      | Reached XP level 7. HP: 13/33 MP: 14/14
  6008 | D:4      | Reached skill level 9 in Stealth
  6827 | D:4      | Learned a level 3 spell: Dazzling Flash
  6831 | D:4      | Learned a level 3 spell: Mephitic Cloud
  6832 | D:5      | Entered Level 5 of the Dungeon
  6907 | D:5      | Noticed Menkaure
  6916 | D:5      | Killed Menkaure
  6917 | D:5      | Reached skill level 5 in Spellcasting
  7291 | D:5      | Reached XP level 8. HP: 27/37 MP: 11/17
  7863 | D:5      | Reached skill level 10 in Stealth
  8307 | D:6      | Found a staircase to the Ecumenical Temple.
  8618 | D:6      | Reached skill level 11 in Stealth
  8930 | Temple   | Entered the Ecumenical Temple
  9198 | Temple   | Became a worshipper of Dithmenos the Shadowed
  9250 | D:6      | Noticed Grinder
  9275 | D:6      | Killed Grinder
  9276 | D:6      | Reached skill level 1 in Invocations
  9276 | D:6      | Reached XP level 9. HP: 31/44 MP: 14/19
  9421 | D:6      | Reached skill level 12 in Stealth
 10599 | D:7      | Reached skill level 5 in Dodging
 10615 | D:7      | Reached skill level 13 in Stealth
 10966 | D:7      | Reached * piety under Dithmenos
 11278 | D:7      | Reached skill level 14 in Stealth
 11528 | D:7      | Found a sacrificial altar of Ru.
 12231 | D:8      | Found a sand-covered staircase.
 12238 | Ossuary  | Entered an ossuary
 12378 | Ossuary  | Reached XP level 10. HP: 49/49 MP: 20/20
 12672 | D:8      | Reached ** piety under Dithmenos
 12676 | D:8      | Reached skill level 5 in Short Blades
 12676 | D:8      | Reached skill level 15 in Stealth
 12766 | D:8      | Found an ornate altar of the Wu Jian Council.
 12967 | D:8      | Found a glowing golden altar of the Shining One.
 13698 | D:8      | Found Tovakk's Jewellery Emporium.
 13812 | D:8      | Learned a level 2 spell: Passwall
 13816 | D:8      | Learned a level 3 spell: Swiftness
 13840 | D:9      | Slain by a large slime creature

Illustrated notes

Levels and vault maps discovered:
D:1:      scummos_arrival_forest, layout_basic,
          dreamdust_ecumenical_altar_grove, minmay_shallow_snake_nest
D:2:      layout_basic, minmay_fractal_squares_5
D:3:      layout_loops_cross, serial_shops, nicolae_shop_advertising_works
          [nicolae_subvault_shop_adworks], uniq_natasha, uniq_sigmund
D:4:      layout_cave_pods, serial_column_ruins, column_ruins_hut,
          column_ruins_hut, column_ruins_grid_1, column_ruins_corridor_corner,
          column_ruins_open_tiny_water, column_ruins_open_tiny
D:5:      layout_gridville, chequers_serial_rivers_marsh,
          hangedman_abyss_or_decor_jellyfish_corner, minmay_misc_feat_pillars,
          uniq_menkaure
D:6:      layout_loops_ring, minmay_temple_entry_grid, minivault_24,
          uniq_grinder
D:7:      layout_basic, overflow_temple_1_default, minmay_misc_feat_five
D:8:      layout_loops_ring, mainiacjoe_overflow_surrounded_room,
          general_overflow_altar, gup_ossuary_entry_pyramid, serial_shops,
          nicolae_shop_temple_entry_statues_fountains, palyth_stone_intersect
D:9:      minmay_goldmine, layout_loops_cross, orc_0_dummy,
          ebering_ghost_rock_garden
Temple:   regret_index_temple_mists

Skill      XL: |  1  2  3  4  5  6  7  8  9 10 |
---------------+-------------------------------+-----
Hexes          | 4 5 6 |  6.0
Stealth        | 5 6 7 8 9 11 14 15 | 15.6
Spellcasting   | 3 4 5 6 |  6.0
Dodging        | 3 4 6 |  6.5
Ice Magic      | 1 2 3 |  3.0
Short Blades   | 2 3 4 5 |  5.4
Fighting       | 1 3 |  3.4
Invocations    | 1 3 4 |  4.6

Action                   |  1- 3 |  4- 6 |  7- 9 | 10-12 || total
-------------------------+-------+-------+-------+-------++-------
Melee: Dagger            |    83 |   122 |   246 |       ||   451
       Punch             |       |     2 |     8 |     2 ||    12
       Short sword       |       |       |    14 |    94 ||   108
 Fire: Hunting sling     |       |       |     7 |       ||     7
 Cast: Ensorcelled Hiber |    22 |    58 |    69 |    12 ||   161
       Confusing Touch   |     1 |     5 |    32 |    10 ||    48
       Tukima's Dance    |       |       |     9 |     4 ||    13
  Use: Potion            |     1 |       |     1 |       ||     2
       Scroll            |       |     1 |     5 |     1 ||     7
 Stab: Sleeping          |    25 |    44 |    56 |    13 ||   138
       Distracted        |     1 |     3 |       |       ||     4
       Confused          |     1 |     2 |    30 |     9 ||    42
Armor: Robe              |     3 |    12 |    21 |     9 ||    45
Dodge: Dodged            |    58 |    93 |   206 |    61 ||   418
